 Dungeon Crawl Stone Soup version 0.24-a0-439-g6dd8730de2 (webtiles) character file.

Game seed: 161640647374084118

40 forest the Sneak (level 3, 0/18 HPs)
             Began as a Spriggan Assassin on June 17, 2019.
             Slain by a gnoll
             ... wielding a +0 whip
              (4 damage)
             ... on level 2 of the Dungeon.
             The game lasted 00:03:25 (1326 turns).

forest the Sneak (Spriggan Assassin)                Turns: 1326, Time: 00:03:25

Health: 0/18       AC:  3    Str:  8    XL:     3   Next: 30%
Magic:  4/4        EV: 17    Int: 12    God:
Gold:   83         SH:  0    Dex: 17    Spells: 2/2 levels left

rFire    . . .     SeeInvis +   a - +2 dagger
rCold    . . .     Gourm    .   (shield restricted)
rNeg     . . .     Faith    .   b - +0 robe
rPois    .         Spirit   .   (helmet restricted)
rElec    .         Reflect  .   c - +0 cloak
rCorr    .         Harm     .   (gloves unavailable)
MR       .....                  (boots unavailable)
Stlth    ++++......             (no amulet)
HPRegen  0.06/turn              (no ring)
MPRegen  0.09/turn              (no ring)

@: no status effects
A: very small, unfitting armour, see invisible, herbivore, speed 3, slow
metabolism 2
a: no special abilities


You were on level 2 of the Dungeon.
You were not hungry.

You visited 1 branch of the dungeon, and saw 2 of its levels.

You collected 83 gold pieces.

Inventory:

Hand Weapons
 a - a +2 dagger (weapon)
Missiles
 d - 8 poisoned darts (quivered)
 e - 2 curare-tipped darts
 g - 26 sling bullets
 i - 71 stones
Armour
 b - a +0 robe (worn)
 c - a +0 cloak (worn)
Scrolls
 h - a scroll of teleportation {unknown}
 j - a scroll of amnesia {unknown}
Potions
 k - a potion of mutation {unknown}
Comestibles
 f - 4 rations


   Skills:
 + Level 1.8 Fighting
 + Level 2.7 Short Blades
 + Level 2.0 Throwing
 + Level 2.0 Dodging
 + Level 7.0 Stealth


You had 2 spell levels left.
You didn't know any spells.
Your spell library was empty.

Dungeon Overview and Level Annotations

Branches:
Dungeon (2/15)

Altars:
Cheibriados


Innate Abilities, Weirdness & Mutations

You are very small and have problems with some larger weapons.
You are too small for most types of armour.
You have supernaturally acute eyesight. (SInv)
You are a herbivore.
You cover ground extremely quickly.
You need to consume almost no food.


Message History

Wield which item (- for none, * to show all)? (? for menu, Esc to quit)
That's the wrong kind of item! (Use * to select it.) Wield which item (- for none, * to show all)? (? for menu, Esc to quit)
Okay, then.
Quiver which item? (- for none, * to show all) (? for menu, Esc to quit)
Okay, then.
Wield which item (- for none, * to show all)? (? for menu, Esc to quit)
Okay, then.
The jackal closely misses you. The jackal misses you.
The jackal closely misses you. The gnoll hits you with a +0 whip.
* * * LOW HITPOINT WARNING * * *
The jackal misses you.
The jackal bites you but does no damage.
The gnoll closely misses you. The jackal misses you.
The jackal completely misses you. The jackal completely misses you.
The jackal closely misses you. The gnoll hits you but does no damage.
The jackal closely misses you. The jackal misses you.
The gnoll hits you with a +0 whip.
You die...

# #.###. .. ...#.. #>##.. #.#
... #.### #..... .... #..
#...####### #..#.. ?...##
#.#####.......####..##.
......##...#...#..............
.......#.#.#g# #.#.........###
.......?..wgh###.#.#.####.##
#!........gh@...#.#.# #.#
##......###g#####.#.# #..
#.#...#.# #.# #...# ####
##....# #.# ##..# #.##### #..
#.. #.# ### ... . ## .


You could see a worm, 3 gnolls, 2 jackals and a hobgoblin.

Vanquished Creatures
  An adder (D:2)
  2 leopard geckos (D:1)
  3 bats (D:1)
  A giant cockroach (D:1)
  5 goblins
  3 hobgoblins (D:1)
  A jackal (D:2)
  A kobold (D:2)
  A quokka (D:2)
  A ball python (D:1)
  2 frilled lizards
  8 rats
29 creatures vanquished.

Notes
Turn   | Place    | Note
-------+----------+-------------------------------------------
     0 | D:1      | forest the Spriggan Assassin began the quest for the Orb.
     0 | D:1      | Reached XP level 1. HP: 10/10 MP: 2/2
   110 | D:1      | Reached skill level 6 in Stealth
   131 | D:1      | Reached XP level 2. HP: 7/14 MP: 3/3
   984 | D:2      | Found a faded altar of an unknown god.
  1017 | D:2      | Became a worshipper of Cheibriados the Contemplative
  1017 | D:2      | Reached * piety under Cheibriados
  1018 | D:2      | Fell from the grace of Cheibriados
  1066 | D:2      | Reached skill level 7 in Stealth
  1066 | D:2      | Reached XP level 3. HP: 12/18 MP: 4/4
  1326 | D:2      | Slain by a gnoll

Levels and vault maps discovered:
D:1:      co_arrival_hall_of_pillars, layout_basic, due_unseen_surprise
D:2:      layout_loops_ring, chequers_ecumenical_altar_island, first_ration

Skill      XL: |  1  2  3 |
---------------+----------+-----
Stealth        | 6 7 |  7.0
Dodging        | 2 |  2.0
Fighting       | |  1.8
Short Blades   | |  2.7
Throwing       | |  2.0

Action                   || total
-------------------------++-------
Melee: Dagger            ||   110
Invok: Renounce Religion ||     1
  Use: Scroll            ||     1
       Potion            ||     1
 Stab: Sleeping          ||     8
Armor: Robe              ||    41
Dodge: Dodged            ||   140

Table legend:
 A = Non-vault XP
 B = Vault XP
 C = Vault XP percentage of total XP
 D = Non-vault monster count
 E = Vault monster count
 F = Vault count percentage of total count
                 A         B        C        D         E       F
            +---------+---------+-------+---------+---------+-------
      Total |      58 |       0 |   0.0 |      29 |       0 |   0.0
            +---------+---------+-------+---------+---------+-------
        D:1 |      35 |       0 |   0.0 |      22 |       0 |   0.0
        D:2 |      23 |       0 |   0.0 |       7 |       0 |   0.0
            +---------+---------+-------+---------+---------+-------
